AoeStats
← The Crusader

Nomad

504363702Analyzed
4v4 RM · 29d ago on Sep 5, 2026· 52m 14s· 8 players
Game mode
Random Map
Map size
231×231
Population
200
Speed
Normal
Resources
Standard
Victory
Conquest
Starting age
Dark Age
Ending age
Imperial Age
RankedLock teamsTeams togetherTeam positionsShared explorationLock speedFull tech treeHidden civsTurbo modeCheats
Victory
Defeat
🇺🇸 Persians · United States
1468
+14
🇺🇸 Spanish · United States
1468
+14
🇩🇰 Dravidians · Denmark
1435
+16
🇮🇳 Koreans · India
1377
+19
🇻🇪 Ethiopians · Venezuela
1463
-17
🇺🇾 Celts · Uruguay
1435
-16
🇧🇷 Spanish · Brazil
1433
-16
🇦🇷 Mongols · Argentina
1397
-14
PNAL | LocoPapa
4:25 Loom
13:29 Feudal Age
16:06 Double-Bit Axe
22:03 Castle Age
20:46 Stone Mining
21:17 Fletching
26:06 Castle Age
27:29 Bodkin Arrow
Todas Mienten
7:00 Loom
13:58 Feudal Age
14:33 Double-Bit Axe
16:06 Fishing Lines
18:54 Castle Age
20:00 Bow Saw
19:30 Horse Collar
20:27 Gillnets
21:36 Horse Collar
21:56 Gold Mining
21:56 Stone Mining
25:20 Wheelbarrow
24:30 Town Watch
27:33 Imperial Age
25:52 Heavy Plow
25:55 Demolition Ship
28:24 Ballistics
28:51 Fletching
29:18 Torsion Engines
29:29 Capped Ram
32:25 Gold Shaft Mining
33:19 Heavy Scorpion
35:18 Siege Engineers
36:53 Scale Mail Armor
36:53 Siege Ram
39:55 Chemistry
38:37 Onager
40:19 Coinage
42:20 Guilds
42:41 Banking
42:11 Caravan
43:15 Bodkin Arrow
44:05 Siege Onager
46:05 Murder Holes
46:20 Masonry
46:14 Bracer
GAX | Gabasco
14:29 Feudal Age
13:52 Loom
18:03 Castle Age
16:09 Fishing Lines
16:25 Double-Bit Axe
16:25 Horse Collar
16:49 Stone Mining
16:53 Gold Mining
19:36 Bow Saw
19:29 Heavy Plow
21:01 Padded Archer Armor
22:01 Leather Archer Armor
23:48 Wheelbarrow
34:26 Fletching
39:11 Imperial Age
39:19 Imperial Age
39:49 Hand Cart
40:20 Bodkin Arrow
40:59 Ring Archer Armor
41:10 Capped Ram
42:44 Bodkin Arrow
46:36 Bracer
46:32 Elite Skirmisher
47:36 Ballistics
48:17 Chemistry
Peruano de élite
8:45 Loom
13:59 Feudal Age
15:06 Double-Bit Axe
20:32 Castle Age
19:21 Horse Collar
19:48 Gold Mining
21:38 Medium Warships
22:10 Wheelbarrow
25:33 Wheelbarrow
29:40 Fletching
33:04 Pikeman
36:17 Scale Mail Armor
37:33 Chain Mail Armor
37:28 Forging
40:50 Imperial Age
38:35 Stone Mining
38:57 Arson
39:49 Iron Casting
39:07 Man-at-Arms
39:33 Gambesons
40:33 Stronghold
40:49 Long Swordsman
41:26 Bodkin Arrow
42:03 Plate Mail Armor
42:34 Blast Furnace
41:58 Capped Ram
42:20 Halberdier
43:16 Hand Cart
43:24 Two-Handed Swordsman
44:01 Bodkin Arrow
44:29 Conscription
45:13 Champion
45:28 Siege Ram
48:42 Hoardings
48:51 Gold Shaft Mining
48:52 Stone Shaft Mining
48:29 Bow Saw
48:20 Heavy Plow
50:21 Furor Celtica
The Crusader
5:20 Loom
14:05 Feudal Age
18:14 Castle Age
17:43 Double-Bit Axe
18:05 Gold Mining
19:26 Bow Saw
19:18 Padded Archer Armor
21:02 Wheelbarrow
20:44 Leather Archer Armor
26:24 Bloodlines
27:14 Husbandry
39:26 Imperial Age
40:43 Ring Archer Armor
40:35 Conscription
40:23 Onager
42:08 Fletching
41:44 Elite Conquistador
49:50 Light Cavalry
50:48 Scale Barding Armor
51:50 Chain Barding Armor
51:24 Hussar
53:23 Plate Barding Armor
thegoodjunk
10:30 Loom
12:36 Feudal Age
17:35 Castle Age
15:54 Double-Bit Axe
16:15 Horse Collar
16:52 Scale Barding Armor
16:58 Forging
18:33 Bow Saw
19:10 Wheelbarrow
19:07 Heavy Plow
22:31 Chain Barding Armor
23:04 Iron Casting
23:27 Bloodlines
24:46 Gold Mining
26:02 Husbandry
29:30 Light Cavalry
32:08 Gold Shaft Mining
34:54 Hand Cart
38:57 Imperial Age
36:29 Scale Mail Armor
36:20 Fletching
36:30 Padded Archer Armor
38:40 Cavalier
40:32 Onager
42:21 Plate Barding Armor
42:47 Blast Furnace
42:11 Savar
44:03 Bodkin Arrow
49:57 Hussar
Lord Longshaft
7:57 Loom
14:23 Feudal Age
15:56 Double-Bit Axe
16:06 Gold Mining
16:36 Town Watch
22:29 Castle Age
23:25 Medium Warships
23:58 Bow Saw
24:06 Horse Collar
27:32 Clinker Construction
28:51 Careening
34:07 Imperial Age
31:30 Fletching
31:41 Padded Archer Armor
32:11 Ballistics
33:05 Wheelbarrow
32:49 Bodkin Arrow
33:28 Thumb Ring
32:44 Elite Skirmisher
34:16 Husbandry
34:30 Heavy Plow
35:13 Bracer
36:19 Chemistry
36:05 Leather Archer Armor
36:12 Elite Elephant Archer
37:24 Onager
38:39 Hand Cart
41:01 Siege Onager
42:17 Stone Mining
43:15 Siege Elephant
44:48 Ring Archer Armor
47:06 Murder Holes
47:21 Masonry
48:06 Medical Corps
50:02 Medical Corps
kerwin
4:13 Loom
13:53 Feudal Age
14:40 Double-Bit Axe
18:40 Wheelbarrow
18:35 Forging
21:09 Castle Age
22:15 Medium Warships
22:16 Bow Saw
21:48 Fishing Lines
23:03 Iron Casting
26:33 Town Watch
27:37 Horse Collar
28:44 Gillnets
29:25 Fletching
30:08 Bodkin Arrow
35:15 Imperial Age
36:08 Bracer
37:11 Chemistry
37:11 Conscription
38:49 Two-Man Saw
38:30 Ballistics
38:34 Elite War Wagon
42:02 Gold Mining
42:02 Stone Mining
42:14 Caravan
42:45 Coinage
43:23 Coinage
43:52 Scale Barding Armor
45:50 Shinkichon
45:10 Heavy Rocket Cart
46:52 Hand Cart
47:43 Eupseong
47:40 Murder Holes
49:26 Arrowslits
49:22 Treadmill Crane
49:52 Masonry
51:55 Heavy Plow
Connection lost

Rejoining the realm…

Still unreachable

The connection could not be restored.

Session expired

The server has moved on; the page needs a fresh start.